AoeStats
← Goldenthums2

Black Forest

510387512Analyzed
4v4 RM · 22h ago on Sep 30, 2026· 76m 23s· 8 players
Game mode
Random Map
Map size
Large (8 player)
Population
200
Speed
Normal
Resources
Standard
Victory
Conquest
Starting age
Dark Age
Ending age
Imperial Age
RankedLock teamsTeams togetherTeam positionsShared explorationLock speedFull tech treeHidden civsTurbo modeCheats
Victory
Defeat
🇺🇸 Khmer · United States
686
+17
🇫🇷 Ethiopians · France
671
+18
🇵🇪 Turks · Peru
624
+20
🇺🇸 Teutons · United States
588
+20
🇷🇺 Turks · Russia
951
-107
🇷🇺 Goths · Russia
709
-19
🇷🇺 Byzantines · Russia
610
-24
🇧🇬 Lithuanians · Bulgaria
572
-22
NC Buss
0:58 Loom
17:15 Feudal Age
29:46 Castle Age
27:57 Arson
29:24 Horse Collar
29:38 Stone Mining
29:42 Gold Mining
29:45 Double-Bit Axe
37:57 Fortified Wall
39:57 Masonry
45:03 Imperial Age
45:29 Forging
45:21 Scale Mail Armor
45:12 Elite Teutonic Knight
49:28 Iron Casting
49:09 Chain Mail Armor
52:08 Blast Furnace
51:39 Plate Mail Armor
55:58 Conscription
57:25 Squires
59:04 Caravan
64:19 Chemistry
63:40 Ballistics
63:26 Siege Engineers
Goldenthums2
0:46 Loom
13:10 Feudal Age
14:02 Double-Bit Axe
14:01 Horse Collar
23:23 Castle Age
22:50 Arson
35:07 Ballistics
36:23 Tusk Swords
40:06 Wheelbarrow
45:53 Imperial Age
44:50 Pikeman
47:42 Heavy Scorpion
48:58 Hand Cart
48:43 Halberdier
55:57 Chemistry
59:03 Double Crossbow
64:20 Elite Ballista Elephant
74:07 Padded Archer Armor
73:57 Fletching
74:08 Scale Mail Armor
74:19 Forging
74:14 Scale Barding Armor
74:30 Capped Ram
@JPierre99
1:23 Loom
14:14 Feudal Age
15:51 Double-Bit Axe
15:50 Horse Collar
17:22 Fishing Lines
17:44 Gold Mining
17:46 Stone Mining
23:40 Castle Age
23:55 Wheelbarrow
28:41 Forging
28:16 Man-at-Arms
32:04 Long Swordsman
35:12 Iron Casting
36:34 Sipahi
38:05 Caravan
40:57 Gold Shaft Mining
41:03 Heavy Plow
42:21 Scale Mail Armor
42:12 Fletching
42:23 Padded Archer Armor
43:21 Hand Cart
47:00 Imperial Age
53:52 Squires
62:03 Blast Furnace
61:00 Bodkin Arrow
61:20 Leather Archer Armor
64:38 Siphons
64:31 Murder Holes
66:48 Elite Janissary
68:25 Artillery
68:48 Conscription
69:00 Town Watch
SosoAllstar
10:59 Loom
12:45 Feudal Age
14:30 Man-at-Arms
14:58 Arson
15:09 Double-Bit Axe
15:59 Horse Collar
19:25 Gold Mining
19:29 Stone Mining
22:06 Wheelbarrow
24:34 Castle Age
23:17 Forging
24:45 Scale Mail Armor
24:36 Fletching
24:46 Padded Archer Armor
28:01 Hand Cart
28:00 Bow Saw
28:00 Heavy Plow
29:33 Gold Shaft Mining
29:36 Stone Shaft Mining
29:04 Crossbowman
32:03 Ballistics
31:43 Bodkin Arrow
32:04 Leather Archer Armor
32:25 Iron Casting
31:55 Squires
33:13 Thumb Ring
34:26 Chain Mail Armor
33:34 Long Swordsman
36:19 Masonry
39:01 Imperial Age
38:27 Caravan
39:49 Torsion Engines
40:10 Conscription
39:39 Two-Handed Swordsman
41:30 Chemistry
41:02 Architecture
41:36 Bracer
42:49 Two-Man Saw
42:05 Arbalester
42:17 Elite Skirmisher
43:43 Town Watch
44:31 Ring Archer Armor
45:02 Blast Furnace
44:33 Plate Mail Armor
45:07 Halberdier
46:23 Elite Shotel Warrior
75:02 Siege Engineers
Тётя Чика
7:31 Loom
11:45 Feudal Age
12:12 Horse Collar
12:21 Double-Bit Axe
16:53 Gold Mining
17:48 Stone Mining
23:47 Castle Age
26:03 Bow Saw
25:57 Heavy Plow
26:35 Stone Shaft Mining
27:06 Fishing Lines
27:24 Pikeman
28:04 Squires
29:25 Wheelbarrow
31:09 Caravan
31:39 Coinage
31:42 Bow Saw
33:53 Husbandry
34:03 Bloodlines
33:57 Scale Mail Armor
34:03 Scale Barding Armor
34:19 Hand Cart
37:34 Imperial Age
36:49 Chain Mail Armor
36:55 Chain Barding Armor
39:42 Two-Man Saw
39:19 Crop Rotation
38:32 Cavalier
42:10 Elite Leitis
44:07 Plate Barding Armor
43:30 Paladin
47:40 Light Cavalry
57:49 Banking
57:30 Guilds
69:59 Elite Skirmisher
72:44 Chemistry
Cybertyank
13:21 Feudal Age
12:02 Loom
14:45 Wheelbarrow
16:09 Horse Collar
21:49 Double-Bit Axe
22:53 Stone Mining
22:53 Gold Mining
33:05 Castle Age
32:10 Man-at-Arms
33:12 Forging
33:05 Scale Mail Armor
33:12 Scale Barding Armor
34:45 Hand Cart
34:53 Heavy Plow
35:41 Treadmill Crane
36:50 Stone Shaft Mining
36:50 Gold Shaft Mining
37:29 Bow Saw
37:30 Husbandry
36:51 Light Cavalry
36:55 Pikeman
37:35 Squires
37:21 Gambesons
36:56 Long Swordsman
37:42 Murder Holes
37:57 Fortified Wall
38:28 Iron Casting
38:08 Chain Mail Armor
38:14 Chain Barding Armor
38:28 Coinage
37:58 Caravan
40:44 Arson
50:35 Imperial Age
50:15 Greek Fire
52:53 Plate Mail Armor
52:59 Plate Barding Armor
52:34 Elite Varangian Guard
54:17 Guilds
55:02 Heavy Camel Rider
58:43 Banking
60:13 Crop Rotation
60:52 Two-Man Saw
66:52 Chemistry
71:08 Cavalier
76:08 Padded Archer Armor
Milezhik
11:19 Feudal Age
12:07 Double-Bit Axe
12:04 Horse Collar
12:20 Man-at-Arms
19:19 Castle Age
19:40 Long Swordsman
20:22 Squires
24:00 Forging
25:06 Arson
25:33 Scale Mail Armor
26:50 Bow Saw
27:34 Heavy Plow
29:46 Caravan
31:05 Wheelbarrow
31:38 Loom
34:53 Fletching
36:00 Iron Casting
36:09 Hand Cart
38:24 Imperial Age
37:03 Fervor
37:31 Gold Mining
38:09 Town Watch
38:52 Chain Mail Armor
38:32 Bodkin Arrow
39:20 Gold Shaft Mining
39:50 Conscription
42:00 Ballistics
42:02 Bombard Tower
41:58 Two-Handed Swordsman
42:41 Murder Holes
42:58 Fortified Wall
42:50 Capped Ram
43:28 Elite Janissary
44:18 Padded Archer Armor
45:44 Champion
50:02 Blast Furnace
50:36 Town Patrol
51:10 Artillery
52:55 Bloodlines
52:05 Cavalier
56:35 Plate Mail Armor
56:21 Leather Archer Armor
58:32 Two-Man Saw
58:21 Guard Tower
57:59 Heavy Camel Rider
72:43 Husbandry
Kopcap
2:06 Loom
19:15 Feudal Age
25:00 Castle Age
24:32 Double-Bit Axe
25:52 Stone Mining
28:55 Bow Saw
30:52 Gold Mining
38:32 Anarchy
40:07 Wheelbarrow
40:13 Scale Mail Armor
41:11 Squires
40:41 Pikeman
41:08 Horse Collar
42:22 Forging
42:38 Chain Mail Armor
43:11 Fishing Lines
49:36 Imperial Age
48:15 Iron Casting
50:26 Perfusion
50:47 Conscription
55:14 Perfusion
55:34 Conscription
57:08 Elite Huskarl
Connection lost

Rejoining the realm…

Still unreachable

The connection could not be restored.

Session expired

The server has moved on; the page needs a fresh start.